 Dungeon Crawl Stone Soup version 0.20.1-1-g8b1a95d (webtiles) character file.

3644 valak24 the Carver (level 10, -5/66 HPs)
             Began as a Human Fighter on July 19, 2017.
             Was a Believer of Cheibriados.
             Slain by a two-headed ogre
             ... wielding a +0 giant club
              (7 damage)
             ... on level 8 of the Dungeon.
             The game lasted 00:23:35 (7251 turns).

valak24 the Carver (Human Fighter)                  Turns: 7251, Time: 00:23:36

Health: -5/66      AC: 17    Str: 27    XL:     10   Next: 33%
Magic:  11/11      EV:  9    Int: 20    God:    Cheibriados [**....]
Gold:   146        SH: 15    Dex: 20    Spells: 9/9 levels left

rFire    . . .     SeeInvis .   a - +0 long sword
rCold    . . .     Gourm    .   v - +3 shield of Zybidu Hull {Str+2}
rNeg     . . .     Faith    .   l - +1 plate armour
rPois    .         Spirit   .   n - +0 helmet
rElec    +         Reflect  .   j - +0 cloak
rCorr    .         Harm     .   g - +0 pair of gloves
MR       .....     Rnd*Rage +   (no boots)
Stlth    ..........             (no amulet)
Regen    0.3/turn               e - +6 ring of intelligence
MPRegen  0.2/turn               c - +2 ring of dexterity

@: very slightly contaminated, drained, invisible, very slow
A: talons 2, berserk 1, clumsy 1, frail 1, high mp 1, electricity resistance,
sturdy frame 1
a: Bend Time, Renounce Religion


You were on level 8 of the Dungeon.
You worshipped Cheibriados.
Cheibriados was pleased with you.
You were not hungry.

You visited 1 branch of the dungeon, and saw 10 of its levels.

You collected 408 gold pieces.
You spent 262 gold pieces at shops.

Inventory:

Hand Weapons
 a - a +0 long sword (weapon)
Armour
 g - a +0 pair of gloves (worn)
 j - a +0 cloak (worn)
 l - a +1 plate armour (worn)
 n - a +0 helmet (worn)
 v - the +3 shield of Zybidu Hull (worn) {Str+2}
   (You found it on level 6 of the Dungeon)

   It affects your strength (+2).
Jewellery
 c - a +2 ring of dexterity (right hand)
 e - a +6 ring of intelligence (left hand)
 B - an uncursed ring of fire {unknown}
Wands
 A - a wand of disintegration (3/24)
Scrolls
 b - 3 scrolls of teleportation
 h - 2 scrolls of magic mapping
 k - 2 scrolls of immolation
 r - 2 scrolls of blinking
 x - 6 scrolls of remove curse
 z - a scroll of silence {unknown}
Potions
 d - a potion of magic {unknown}
 f - a potion of agility {unknown}
 o - 2 potions of ambrosia {unknown}
 p - a potion of cancellation {unknown}
 s - a potion of flight {unknown}
Books
 m - a book of Debilitation

   Spells                             Type                      Level
   a - Corona                         Hexes                        1
   b - Slow                           Hexes                        2
   c - Inner Flame                    Hexes/Fire                   3
   d - Portal Projectile              Hexes/Translocation          3
   e - Cause Fear                     Hexes                        4
   f - Leda's Liquefaction            Hexes/Earth                  4
Comestibles
 i - 2 meat rations
 u - 5 royal jellies
 w - a bread ration


   Skills:
 * Level 5.5(5.0) Fighting
 * Level 8.6(8.1) Long Blades
 * Level 6.6(6.1) Armour
 * Level 4.6(4.1) Dodging
 * Level 7.7(7.2) Shields


You had 9 spell levels left.
You didn't know any spells.

Dungeon Overview and Level Annotations

Branches:
Dungeon (10/15)            Temple (0/1) D:6
   Lair: D:8-11         Orc: D:9-12

Altars:
Ashenzari
Cheibriados
Kikubaaqudgha
Makhleb
Nemelex Xobeh

Shops:
D:6 %?=[[

Annotations:
D:8 exclusion: ice statue


Innate Abilities, Weirdness & Mutations

You have razor-sharp toenails.
You tend to lose your temper in combat.
You are clumsy. (Dex -2)
You are frail. (-10% HP)
You have an increased reservoir of magic. (+10% MP)
You are resistant to electric shocks. (rElec)
Your movements are slightly less encumbered by armour. (ER -2)


Message History

The two-headed ogre barely misses you. You block the orc's attack.
You feel much better. You block the orc's attack.
The two-headed ogre hits you with a giant club!!
* * * LOW HITPOINT WARNING * * *
The two-headed ogre hits you but does no damage.
The orc throws a stone.
You feel better. The orc hits you but does no damage.
You block the two-headed ogre's attack.
The two-headed ogre hits you but does no damage.
The orc throws a stone.
The stone closely misses the orc.
The orc throws a stone.
The stone barely misses the orc.
The orc throws a stone.
You block the two-headed ogre's attack.
The two-headed ogre hits you with a dire flail!
* * * LOW HITPOINT WARNING * * *
The orc throws a stone.
The stone misses you. The two-headed ogre closely misses you.
The two-headed ogre hits you with a dire flail!
You die...

≈≈≈≈≈≈...#..........# 5..#!!$#..≈
.........###......#..≈ .##.##5≈≈
.........#........##..≈≈≈...5555≈
.........#........# ..##≈≈.5445##
..##...(.#...oo...# .###≈≈444≈≈##
.........#....o.(.## ##..≈≈ ≈≈..#
# ##########...[..##......###....
...........O.....(###..#..###
...#...#....@............##..
...(...............#..)....).
...#...#............<.[).....
.........##.......##.........
########..#..................
.........#.......#...##.....
...........(>....'...++.....
.................#...##.....
.......†.........#...##.....


You could see a two-headed ogre and 3 orcs.

Vanquished Creatures
  Pikel (D:4)
  The ghost of torrenera the Sneak, a novice VSEn (D:5)
  A water moccasin (D:7)
  An orc warrior (D:8)
  2 ice beasts
  3 sky beasts
  3 ogres
  4 centaurs
  2 big kobolds
  Blork the orc (D:4)
  2 bullfrogs
  A wyvern skeleton (D:7)
  3 scorpions
  A water moccasin skeleton (D:4)
  A howler monkey (D:5)
  2 electric eels (D:8)
  3 crimson imps
  A quasit (D:7)
  4 orc priests
  2 hounds
  6 iguanas
  5 worker ants
  6 orc wizards
  A killer bee zombie (D:7)
  A hound zombie (D:7)
  A hound skeleton (D:7)
  2 worker ant zombies
  Robin (D:4)
  3 gnolls (D:3)
  7 adders
  2 shadow imps
  2 oozes
  A worm (D:3)
  A dart slug (D:2)
  2 leopard geckos
  32 orcs
  3 bats (D:2)
  5 giant cockroaches
  8 goblins
  7 hobgoblins
  2 jackals (D:3)
  22 kobolds
  2 quokkas (D:8)
  A ball python (D:3)
  5 frilled lizards
  A jackal skeleton (D:5)
  A quokka skeleton (D:4)
  A quokka zombie (D:6)
  7 rats
  A plant (D:1)
178 creatures vanquished.

Vanquished Creatures (others)
  A hound (D:4)
  2 orcs (D:4)
3 creatures vanquished.

Grand Total: 181 creatures vanquished

Notes
Turn   | Place    | Note
-------+----------+-------------------------------------------
     0 | D:1      | valak24 the Human Fighter began the quest for the Orb.
     0 | D:1      | Reached XP level 1. HP: 18/18 MP: 1/1
    91 | D:1      | Reached XP level 2. HP: 12/24 MP: 2/2
   752 | D:2      | Gained mutation: You tend to lose your temper in combat. [potion of mutation]
   752 | D:2      | Gained mutation: Your movements are slightly less encumbered by armour. (ER -2) [potion of mutation]
   774 | D:2      | Reached XP level 3. HP: 25/29 MP: 3/3
  1230 | D:2      | Reached skill level 1 in Dodging
  1401 | D:2      | Found a sparkling altar of Nemelex Xobeh.
  1482 | D:2      | Reached XP level 4. HP: 31/35 MP: 4/4
  2178 | D:3      | Reached XP level 5. HP: 30/41 MP: 5/5
  2368 | D:3      | Reached skill level 3 in Long Blades
  2545 | D:4      | Reached XP level 6. HP: 22/47 MP: 6/6
  2746 | D:4      | Noticed Pikel
  2747 | D:4      | Noticed a slave
  2747 | D:4      | Noticed a slave
  2748 | D:4      | Noticed a slave
  2749 | D:4      | Noticed a slave
  2769 | D:4      | Killed Pikel
  2769 | D:4      | Reached skill level 4 in Long Blades
  2769 | D:4      | Reached skill level 5 in Armour
  2769 | D:4      | Reached XP level 7. HP: 43/53 MP: 7/7
  2883 | D:4      | Reached XP level 8. HP: 56/60 MP: 8/8
  2970 | D:4      | Reached skill level 5 in Shields
  3158 | D:4      | Noticed Robin
  3165 | D:4      | Killed Robin
  3342 | D:4      | Reached skill level 5 in Long Blades
  3410 | D:4      | Noticed Blork the orc
  3426 | D:4      | Killed Blork the orc
  3598 | D:5      | Entered Level 5 of the Dungeon
  3610 | D:5      | Noticed torrenera's ghost (novice VSEn)
  3628 | D:5      | Killed torrenera's ghost
  3671 | D:5      | HP: 3/60 [poisoned by torrenera's ghost]
  3678 | D:5      | HP: 2/60 [poisoned by torrenera's ghost]
  3686 | D:5      | HP: 2/60 [poisoned by torrenera's ghost]
  4049 | D:5      | Reached skill level 6 in Long Blades
  4113 | D:5      | Reached XP level 9. HP: 27/65 MP: 9/9
  4554 | D:5      | Found a shattered altar of Ashenzari.
  4737 | D:5      | Found a snail-covered altar of Cheibriados.
  4737 | D:5      | Found an ancient bone altar of Kikubaaqudgha.
  4766 | D:5      | Became a worshipper of Cheibriados the Contemplative
  4983 | D:6      | Found Manah's Armour Shop.
  5006 | D:6      | Reached skill level 7 in Long Blades
  5168 | D:6      | Found a staircase to the Ecumenical Temple.
  5200 | D:6      | Found Ofofapy's Armour Shop.
  5389 | D:6      | Got an encrusted shield
  5390 | D:6      | Identified the +3 shield of Zybidu Hull {Str+2} (You found it on level 6 of the Dungeon)
  5419 | D:6      | Reached * piety under Cheibriados
  5436 | D:6      | Found Geocolib's Jewellery Shop.
  5445 | D:6      | Bought a +2 ring of dexterity for 82 gold pieces
  5463 | D:6      | Found Unoiqarph's Magic Scroll Boutique.
  5471 | D:6      | Bought a scroll of identify for 26 gold pieces
  5715 | D:6      | Found Kirask's Food Shoppe.
  5723 | D:6      | Bought a bread ration for 70 gold pieces
  5723 | D:6      | Bought a royal jelly for 28 gold pieces
  5723 | D:6      | Bought a royal jelly for 28 gold pieces
  5723 | D:6      | Bought a royal jelly for 28 gold pieces
  5852 | D:6      | Gained mutation: You are clumsy. (Dex -2) [mutagenic meat]
  5853 | D:6      | Gained mutation: You are resistant to electric shocks. (rElec) [mutagenic meat]
  5855 | D:6      | Gained mutation: You have an increased reservoir of magic. (+10% MP) [mutagenic meat]
  5940 | D:7      | Reached skill level 5 in Fighting
  6238 | D:7      | Reached skill level 8 in Long Blades
  6242 | D:7      | Gained mutation: You have sharp toenails. [mutagenic meat]
  6243 | D:7      | Gained mutation: You are very clumsy. (Dex -4) [mutagenic meat]
  6244 | D:7      | Gained mutation: You are frail. (-10% HP) [mutagenic meat]
  6308 | D:7      | Reached ** piety under Cheibriados
  6344 | D:7      | Reached XP level 10. HP: 64/66 MP: 11/11
  6556 | D:7      | You fall through a shaft for 3 floors!
  6556 | D:10     | Entered Level 10 of the Dungeon
  6556 | D:10     | Noticed a gargoyle
  6560 | D:10     | Noticed a two-headed ogre
  6591 | D:10     | Gained mutation: You have razor-sharp toenails. [mutagenic meat]
  6592 | D:10     | Gained mutation: You are very frail. (-20% HP) [mutagenic meat]
  6594 | D:10     | Lost mutation: You are very clumsy. (Dex -4) [mutagenic meat]
  6595 | D:10     | Lost mutation: You are very frail. (-20% HP) [mutagenic meat]
  6818 | D:8      | Noticed an ice devil
  6818 | D:8      | Noticed an ice devil
  6883 | D:8      | Noticed an ice devil
  6883 | D:8      | Noticed an ice devil
  6884 | D:8      | Noticed an ice statue
  6894 | D:8      | Noticed an ice devil
  7199 | D:8      | Found a burning altar of Makhleb.
  7221 | D:8      | Noticed a two-headed ogre
  7238 | D:8      | HP: 2/66 [two-headed ogre/giant club (14)]
  7248 | D:8      | HP: 1/66 [two-headed ogre/giant club (13)]
  7251 | D:8      | Slain by a two-headed ogre

Skill      XL: |  1  2  3  4  5  6  7  8  9 |
---------------+----------------------------+-----
Dodging        | 1 2 3 4 |  4.6
Armour         | 4 5 6 |  6.6
Long Blades    | 3 4 6 8 |  8.6
Shields        | 4 5 7 |  7.7
Fighting       | 4 5 |  5.5

Action                   |  1- 3 |  4- 6 |  7- 9 | 10-12 || total
-------------------------+-------+-------+-------+-------++-------
Melee: Long sword        |   144 |   200 |   494 |   128 ||   966
       Kick              |       |       |     4 |    56 ||    60
Invok: Bend Time         |       |       |       |     1 ||     1
  Use: Scroll            |     5 |     4 |     6 |     2 ||    17
       Potion            |     2 |     4 |     4 |     4 ||    14
  Eat: Bread ration      |     1 |       |     1 |       ||     2
       Royal jelly       |       |     1 |       |       ||     1
       Chunk             |       |       |    15 |     6 ||    21
       Meat ration       |       |       |       |     1 ||     1
Armor: Scale mail        |     6 |       |       |       ||     6
       Plate armour      |    69 |   177 |   251 |    75 ||   572
Dodge: Dodged            |    25 |    43 |   114 |    45 ||   227
Block: Shield            |    64 |   124 |   296 |   132 ||   616
       Rpst.: Long sword |     5 |    12 |    35 |    13 ||    65
